[Event "FIDE WSTC Open 50 2025"]
[Site "Prague"]
[Date "2025.02.18"]
[Round "2.29"]
[White "Muir, Andrew J"]
[Black "Bischoff, Klaus"]
[Result "1/2-1/2"]
[Annotator "TA"]
[ECO "A58"]
[WhiteElo "2166"]
[BlackElo "2432"]
[PlyCount "45"]
[EventDate "2025.02.17"]
[EventType "team-tourn"]
[EventCountry "CZE"]
[SourceTitle "playchess.com"]
[Source "ChessBase"]
[SourceQuality "1"]
[TimeControl "40/5400+30:1800+30"]

1. d4 Nf6 2. c4 c5 3. d5 b5 4. cxb5 a6 5. bxa6 g6 6. Nc3 Bg7 7. e4 O-O 8. Nf3 Qa5 9. Bd2 Bxa6 10. Be2 d6 11. O-O Qb4 12. Bxa6 Nxa6 13. Qc2 {[%emt 0:02:57] A57: Benko/Volga Gambit.} Rfb8 14. Rab1 Qc4 15. a3 {[%emt 0:13:04] [#] Strongly threatening b3. White is slightly better. Prevents Nb4.} Qb3 16. Qxb3 Rxb3 17. e5 $146 (17. Be3 Rab8 18. e5 Ng4 19. Na4 Nxe5 20. Nd2 R3b7 21. b3 Nc7 22. Nc3 Ng4 23. Nd1 Nxd5 24. h3 Ngxe3 25. Nxe3 Nxe3 26. fxe3 {0-1 Anishka,V (1712)-Friedland,M (2200) Titled Tuesday intern op 14th Nov Early blitz 2023 (8)}) 17... dxe5 18. Nxe5 Nc7 19. f4 Ncxd5 20. Nxd5 Nxd5 21. Rfc1 Rc8 22. Rc2 f6 23. Nc4 {[%emt 0:00:50] Weighted Error Value: White=0.10 (very precise) /Black=0.03 (flawless)   Inaccurate:     	White=2     	---        OK:         	White=4     	Black=5      Best:        	White=1     	Black=1} 1/2-1/2

[Event "FIDE WSTC Open 50 2025"]
[Site "Prague"]
[Date "2025.02.18"]
[Round "2.30"]
[White "Seul, Georg"]
[Black "Farrell, Neil"]
[Result "0-1"]
[Annotator "TA"]
[ECO "C02"]
[WhiteElo "2329"]
[BlackElo "2116"]
[PlyCount "71"]
[EventDate "2025.02.17"]
[EventType "team-tourn"]
[EventCountry "CZE"]
[SourceTitle "playchess.com"]
[Source "ChessBase"]
[SourceQuality "1"]
[TimeControl "40/5400+30:1800+30"]

1. e4 e6 2. d4 d5 3. e5 c5 4. c3 Nc6 5. Nf3 Qb6 6. a3 Nh6 7. Bd3 {[%emt 0:00:17] is recently more successful than 7.b4.} cxd4 {[%emt 0:01:20] C02: French: Advance Variation.} 8. O-O Bd7 9. b4 Rc8 {[%emt 0:02:06][%cal Ba8c8,Bc8c3,Bc3a3][%mdl 32] The position is equal.} 10. Ra2 dxc3 11. Nxc3 Nxb4 12. axb4 $16 {[%emt 0:06:41] [#] White sacrificed a pawn. A sharp opening} (12. Na4 $2 Rxc1 (12... Nxa2 13. Nxb6 Rxc1 14. Qb3 $14) 13. axb4 Rxd1 $19) 12... Rxc3 13. Be3 Qd8 $146 (13... Qxb4 $16 14. Rxa7 Ra3) ({Predecessor:} 13... Qxb4 14. Qe2 Rxd3 15. Qxd3 Qb5 16. Qb1 a5 17. Rb2 Bb4 18. Bd2 Bc6 19. Nd4 Qc5 20. Nxc6 bxc6 {1-0 Ganguly,S (2578)-Bukreev,S (2384) Qatar Masters op-A 2024 (7)}) 14. Rxa7 $18 Bxb4 15. Rxb7 Be7 16. Qd2 Ra3 17. Rc1 {[%emt 0:08:50] Inhibits Qc8.} O-O 18. Bxh6 gxh6 19. Bb1 f5 (19... Bg5 $2 20. Qc2 f5 21. exf6 $18) 20. Rcc7 $2 (20. Qxh6 $6 Ra1 21. g4 Rf7 22. gxf5 Bf8 $18) (20. exf6 $18 Bxf6 21. Qe2 (21. Qxh6 Rf7 $18)) 20... Bc8 (20... Rb3 $1 $14 21. Rxd7 (21. Rxb3 Qxc7 22. g3 Qc4 $11) 21... Rxb1+ 22. Rxb1 Qxd7) 21. Rxe7 $16 {[%emt 0:01:06] Intending Rg7+ and mate. White attacks} Bxb7 22. Rxb7 {[%emt 0:00:15] White plays on the queen side and is better} Qc8 23. Rb6 ({White should try} 23. Rb2) 23... Qc5 24. Qb2 (24. Rxe6 Ra1 25. h4 Rxb1+ 26. Kh2 Qc1 27. Qxc1 Rxc1 $11) 24... Rc8 $1 {[%emt 0:01:07] ( -> ...Qc1+)} 25. h4 (25. Rxe6 $2 Qc1+ 26. Qxc1 Rxc1+) (25. h3 $14 Qc1+ 26. Qxc1 Rxc1+ 27. Kh2) 25... Qc1+ $11 26. Qxc1 {[%emt 0:00:16] Counterplay Black} Rxc1+ 27. Kh2 {[%emt 0:00:02][%cal Of3d4] Black must now prevent Nd4!.} Ra1 28. Rxe6 (28. Rb8+ $11 Kg7 29. Rb7+ Kg8 30. Rb8+) 28... Raxb1 29. Rxh6 {[%emt 0:00:24][%mdl 4096] Endgame [#] KRR-KRN} (29. Rf6 $15) 29... Rb2 $2 (29... Rh1+ $1 $19 30. Kg3 Rb4) 30. Rd6 Rcc2 (30... Rxf2 $15 31. e6 Kg7) 31. Kg3 (31. e6 $11 {remains equal.} Kg7 (31... Rxf2 32. Rd8+ Kg7 33. e7 $16) 32. Rd7+ Kf6 33. Nd4 Rxf2 34. Rf7+ Kg6 (34... Ke5 35. e7 $11) 35. Kh3) 31... Rxf2 $17 32. Kf4 Rxg2 33. Rxd5 Rbf2 {[%emt 0:01:40] Strongly threatening ...Rg4+.} 34. Rd3 (34. e6 $1 $15 Rg4+ 35. Ke3 Rxf3+ 36. Kxf3) 34... Rg4+ 35. Kxf5 Rxh4 {[%emt 0:00:23] Black is more active.} 36. Kg5 {[%emt 0:00:00] White really could win this.   Weighted Error Value: White=0.38/Black=0.30  Missed win:     	White=1     	Black=1      Mistake:       	White=7     	Black=4      Inaccurate:     	White=2     	Black=2      OK:         	White=7     	Black=4      Best:        	White=6     	Black=10     Strong:       	---       	Black=1} (36. e6 $17 {keeps fighting.}) 0-1

[Event "FIDE WSTC Open 50 2025"]
[Site "Prague"]
[Date "2025.02.18"]
[Round "2.31"]
[White "Robertson, Ian C."]
[Black "Wolf, Volker"]
[Result "0-1"]
[Annotator "TA"]
[ECO "A46"]
[WhiteElo "2064"]
[BlackElo "2206"]
[PlyCount "96"]
[EventDate "2025.02.17"]
[EventType "team-tourn"]
[EventCountry "CZE"]
[SourceTitle "playchess.com"]
[Source "ChessBase"]
[SourceQuality "1"]
[TimeControl "40/5400+30:1800+30"]

1. d4 Nf6 2. Nf3 e6 3. e3 b6 4. Bd3 Bb7 5. O-O c5 6. c4 Be7 7. Nc3 O-O 8. d5 exd5 9. cxd5 d6 10. e4 Nbd7 11. h3 a6 12. a4 Re8 13. Bf4 Bf8 14. Re1 Qc7 {[%emt 0:04:07] E14: Queen's Indian: Classical Variation (4 e3).} 15. Bc4 g6 16. Qd2 Bg7 {[%emt 0:05:30] White is better.} 17. Re2 Nh5 18. Bh2 Ne5 19. Nxe5 Bxe5 (19... dxe5 $14 20. d6 Qd7) 20. Rae1 $146 (20. g4 $16 {Hoping for Bxe5.} Bxh2+ 21. Kxh2) (20. Bxe5 Rxe5 21. f4 Ree8 22. Rae1 Qe7 23. g4 Ng7 24. e5 Qh4 25. Re3 g5 26. fxg5 Rxe5 27. Rxe5 dxe5 {1-0 Bente,B (2212)-Korba,R (2189) Hamburg CupT final 2015 (4.2)}) 20... Qe7 21. f4 Bd4+ 22. Kh1 Qh4 23. Rf1 Ng3+ (23... Re7 $1 $11) 24. Bxg3 $16 Qxg3 25. Qe1 ({White should play} 25. e5 $1 $14 dxe5 26. Ne4) 25... Qxe1 $11 26. Rfxe1 f6 27. Kh2 (27. Nb1 $11 {was preferable.}) 27... Kg7 ({Black should play} 27... Bc8 $15) 28. Kg3 (28. Nb1 $11 {keeps the balance.}) 28... Bc8 $17 29. Nb1 Bd7 {[%emt 0:00:51][%cal Ob6b5] Black is more active.} 30. b3 (30. Nc3 $17) 30... b5 $19 {[%emt 0:02:15] White is weak on the dark squares} 31. axb5 axb5 32. Bd3 g5 33. Rc1 (33. fxg5 $142 Be5+ (33... fxg5 $2 34. Nd2 $19) 34. Kf2) 33... Ra1 (33... gxf4+ 34. Kxf4 Be5+ 35. Kf3 $19) 34. fxg5 (34. Rce1 {might work better.}) 34... fxg5 35. Kh2 Rf8 36. Rce1 Be5+ {[%emt 0:01:57] This pair of bishops is nice.} 37. Kg1 Bg3 38. Rd1 Be5 $2 {[%emt 0:01:02] [#] Inhibits Nc3.} (38... g4 $19 {...Be5 is the strong threat.} 39. Rc2 Be5 (39... gxh3 $2 40. Nc3 $19) 40. hxg4 Bxg4) 39. Ree1 $2 (39. Rde1 $1 $11 {and White has nothing to worry.} g4 40. Nd2) 39... Ra2 40. Re2 Bd4+ 41. Kh1 Ra1 42. Ree1 h5 43. Nd2 Rxd1 44. Rxd1 g4 {[%emt 0:00:20] Inhibits Nf3.} 45. Nf1 gxh3 46. Ng3 $2 {[%emt 0:02:45] [#]} (46. Rd2) 46... hxg2+ {[%emt 0:01:40] Black is clearly winning.} 47. Kxg2 Rf2+ 48. Kh1 Bg4 {[%emt 0:00:33] Weighted Error Value: White=0.70/Black=0.20 (precise)   Loses game:     	White=1     	---        Missed win:     	---       	Black=1      Mistake:       	White=8     	Black=3      Inaccurate:     	White=4     	---        OK:         	White=10    	Black=14     Best:        	White=1     	Black=5} 0-1

[Event "FIDE WSTC Open 50 2025"]
[Site "Prague"]
[Date "2025.02.18"]
[Round "2.32"]
[White "Polster, Wolfgang"]
[Black "Sanger, Mark"]
[Result "0-1"]
[Annotator "TA"]
[ECO "A20"]
[WhiteElo "2131"]
[BlackElo "2135"]
[PlyCount "58"]
[EventDate "2025.02.17"]
[EventType "team-tourn"]
[EventCountry "CZE"]
[SourceTitle "playchess.com"]
[Source "ChessBase"]
[SourceQuality "1"]
[TimeControl "40/5400+30:1800+30"]

1. c4 e5 2. g3 Nc6 3. Bg2 f5 4. d3 Nf6 5. Nc3 Bc5 6. e3 a6 {[%emt 0:04:54] A25: English Opening vs King's Indian with ...Nc6 but without early d3.} 7. Nge2 Ba7 8. Rb1 d6 {[%emt 0:02:17] White is slightly better.} 9. b4 O-O 10. O-O Qe8 11. a4 $146 (11. b5 axb5 12. Nxb5 Bb8 13. Nec3 Ne7 14. Qb3 Kh8 15. Ba3 Qd8 16. d4 e4 17. d5 {0-1 Kubat,P (2010)-Taranenko,E (2204) Pardubice Czech op-B 29th 2018 (3)}) 11... f4 12. b5 axb5 13. axb5 (13. cxb5 {seems wilder.} fxg3 14. bxc6 gxh2+ 15. Kh1) 13... Ne7 14. exf4 (14. gxf4 {simplifies} Ng6 15. Nd5 Nxd5 16. Bxd5+ Kh8 17. Kh1) 14... Qh5 {[%emt 0:10:07] Black sacrificed a pawn} 15. Ne4 Bg4 16. Rb2 Nf5 {[%emt 0:01:31] [#]} 17. c5 Nd4 $17 18. f3 Bxf3 {[%emt 0:08:14] Black is much more active.} (18... Nxf3+ $17 19. Bxf3 Bxf3 20. Nxf6+ Rxf6) 19. Rxf3 $4 Nxf3+ $19 20. Bxf3 Qxf3 21. b6 cxb6 22. cxb6 Bb8 23. Qb3+ d5 {[%emt 0:03:00] [#] aiming for ...exf4.} 24. Ng5 Qh5 25. fxe5 (25. Ne6 {was called for.} Rc8 26. Kg2) 25... Bxe5 {[%emt 0:01:00] Black is clearly winning.} 26. d4 Bd6 27. Kg2 h6 28. Ne6 Ra3 29. N2f4 Rxb3 {[%emt 0:00:55] Weighted Error Value: White=0.80/Black=0.41  Loses game:     	White=1     	---        Mistake:       	White=2     	Black=1      Inaccurate:     	White=3     	Black=1      OK:         	White=8     	Black=9      Best:        	---       	Black=2} 0-1

[Event "FIDE WSTC Open 50 2025"]
[Site "Prague"]
[Date "2025.02.18"]
[Round "2.33"]
[White "Csiszar, Csaba"]
[Black "Zimmermann, Luc"]
[Result "1-0"]
[Annotator "TA"]
[ECO "A48"]
[WhiteElo "2378"]
[BlackElo "2177"]
[PlyCount "113"]
[EventDate "2025.02.17"]
[EventType "team-tourn"]
[EventCountry "CZE"]
[SourceTitle "playchess.com"]
[Source "ChessBase"]
[SourceQuality "1"]
[TimeControl "40/5400+30:1800+30"]

1. d4 Nf6 2. Nf3 g6 3. c4 Bg7 4. Nc3 O-O 5. Bf4 d5 6. Rc1 Be6 7. e3 dxc4 8. Ng5 Bd5 9. e4 h6 10. exd5 hxg5 11. Bxg5 Nxd5 {[%emt 0:00:08] D92: Grünfeld: 4 Nf3 Bg7 5 Bf4.} 12. Bxc4 Nb6 {[%emt 0:00:06][%csl LRc4,LRd4] A dynamic duo of knights.} 13. Bb3 Qxd4 {[%emt 0:00:13] The position is equal.} 14. Qxd4 {[%emt 0:01:27] White sacrificed a pawn} (14. Bxe7 $2 Re8 15. Qxd4 Bxd4 $19) 14... Bxd4 15. Nb5 (15. Bxe7 $2 Re8 16. O-O Rxe7 $19) 15... Bxb2 16. Rc2 Be5 17. Nxc7 {[%emt 0:00:17] 17.f4 might become the main line.} Bxc7 18. Rxc7 Nc6 19. Rxb7 (19. Bxe7 $2 Rfe8 20. Rxb7 Na5 $19 (20... Nxe7 $2 21. O-O $19) (20... Rxe7+ $2 21. Rxe7 Nxe7 22. h4 $19)) 19... e6 20. Bd1 $146 ({Predecessor:} 20. Rc7 Nd4 21. Bd1 Nd5 22. Rc4 e5 23. h4 Rfc8 24. Rxc8+ Rxc8 25. Rh3 Rb8 26. Bb3 {½-½ Dreev,A (2657)-Sarana,A (2641) RUS-ch Higher League 72nd 2019 (9)}) 20... Rab8 21. Rxb8 Rxb8 22. h4 Nd5 23. Bb3 Nd4 24. Rh3 Nxb3 25. Rxb3 $11 {[%emt 0:00:22][%mdl 4096] Endgame KRB-KRN} Rc8 26. Rb7 a6 27. Ra7 Rc6 28. Bd2 Kg7 29. g3 Kf6 30. a4 e5 31. a5 Ke6 32. g4 Nf4 (32... f5 $11) 33. Bxf4 $1 $16 exf4 {[%emt 0:00:02] KR-KR} 34. Ke2 {[%emt 0:00:07] White is more active.} f6 $2 (34... Kf6 $16 {was worth a try.}) 35. Kf3 $18 g5 36. h5 f5 {[%emt 0:02:10] [#]} 37. Rg7 $2 (37. h6 $1 $18 ) 37... Rc3+ $11 38. Kg2 {[%emt 0:00:06] Rg6+ is the strong threat.} fxg4 39. Rxg5 g3 {[%emt 0:00:42][%mdl 8192] Black is now going downhill.} 40. fxg3 $18 fxg3 41. h6 $1 (41. Rxg3 Rc2+ 42. Kh3 Rc5 $11) 41... Kf7 {[%emt 0:17:59] [#] Repels h7} 42. Rg7+ $1 (42. Rxg3 Rxg3+ 43. Kxg3 Kg6 $11) (42. h7 Rc8 $11) 42... Kf6 (42... Kf8 $142 43. Rxg3 Rc2+ 44. Kf3 Kf7 45. Rg7+ Kf6) 43. Rg8 ({Not} 43. Rxg3 Rxg3+ 44. Kxg3 Kg6 $11) 43... Rc7 44. Kxg3 Rc3+ 45. Kf4 Rc4+ 46. Ke3 Rh4 47. Ra8 Ke5 48. Rxa6 Rh3+ 49. Kf2 {[%emt 0:00:00] Rg6 would kill now.} Kf4 50. Rf6+ Kg5 51. Rc6 {[%emt 0:00:00] White mates.} Kf4 52. a6 Rh2+ 53. Ke1 Rh5 54. a7 Re5+ 55. Kd2 Re8 56. h7 Kg5 57. Rb6 {[%emt 0:00:00] Weighted Error Value: White=0.14 (very precise) /Black=0.95  Loses game:     	---       	Black=2      Missed win:     	White=1     	---        Mistake:       	---       	Black=2      Inaccurate:     	White=2     	Black=3      OK:         	White=16    	Black=12     Best:        	White=4     	Black=2      Strong:       	White=3     	---} 1-0

[Event "FIDE WSTC Open 50 2025"]
[Site "Prague"]
[Date "2025.02.18"]
[Round "2.34"]
[White "Frenken, Marcel"]
[Black "Czebe, Attila"]
[Result "0-1"]
[Annotator "TA"]
[ECO "A02"]
[WhiteElo "2064"]
[BlackElo "2255"]
[PlyCount "72"]
[EventDate "2025.02.17"]
[EventType "team-tourn"]
[EventCountry "CZE"]
[SourceTitle "playchess.com"]
[Source "ChessBase"]
[SourceQuality "1"]
[TimeControl "40/5400+30:1800+30"]

1. f4 b6 2. e4 Bb7 3. d3 g6 4. Nf3 Bg7 5. c3 Nf6 $146 (5... e6 6. Be2 Ne7 7. O-O d6 8. Be3 Nd7 9. Nh4 O-O 10. Nd2 c5 11. Bf3 d5 {0-1 Schulte,H-Axt,C CT Queen 21952 2019}) 6. Be2 {[%emt 0:00:13] B00: Queen's Fianchetto Defence, Nimzowitsch Defence.} O-O 7. O-O c5 8. Na3 {[%emt 0:00:46] The position is equal.} Nc6 9. Qe1 Ne8 10. Be3 d5 11. e5 d4 12. cxd4 Nxd4 13. Bxd4 cxd4 (13... Bxf3 $5 14. Be3 Bxe2 15. Qxe2 f6 $15) 14. Qf2 f6 15. Nxd4 Nc7 {[%emt 0:00:10] Wards off Ne6} 16. Bf3 Bxf3 (16... fxe5 17. Bxb7 exd4 18. Bxa8 Qxa8 19. Qe1 $18) 17. Nxf3 fxe5 18. fxe5 Bxe5 19. Nc4 Bg7 20. Qg3 (20. Qe2 $11) 20... Ne6 $17 {[%emt 0:03:51][%cal Oe6f4] Black continues to play with concentration.} 21. Nce5 Nd4 22. Rae1 {[%emt 0:01:39] Prevents Ne2+.} Nxf3+ 23. gxf3 Rc8 24. Rf2 Qd5 25. a3 Rf5 {[%emt 0:01:10] Black is more active.} 26. f4 (26. Ng4 $17) 26... Bxe5 $19 27. fxe5 Rxf2 28. Qxf2 {[%emt 0:01:17][%mdl 4096] Endgame KQR-KQR} Rf8 29. Qe3 (29. Qd2 {was necessary.}) 29... Rf3 $40 {[%emt 0:00:15][%mdl 128] Black wants a kill.} 30. Qg5 Qd4+ (30... Rxd3 31. Qxe7 Qd4+ 32. Kh1 $19) 31. Kh1 Qxd3 ({Much less strong is} 31... Rxd3 32. Qxe7 Qf2 (32... Qxb2 $2 {perishes.} 33. Rf1 $18) 33. Qe6+ Kg7 34. Qf6+ Qxf6 35. exf6+ Kxf6 36. Rc1 $19) 32. Qg2 {[%emt 0:00:55] Against Rf1+} Kg7 33. e6 Qf5 34. Kg1 h5 35. Qd2 $2 {[%emt 0:00:35] [#]} (35. Qe2) 35... Qg4+ 36. Kh1 Qf4 {[%emt 0:00:13] Weighted Error Value: White=0.37/Black=0.21 (precise)   Mistake:       	White=4     	---        Inaccurate:     	White=4     	Black=3      OK:         	White=6     	Black=14     Best:        	White=2     	Black=2} 0-1

[Event "FIDE WSTC Open 50 2025"]
[Site "Prague"]
[Date "2025.02.18"]
[Round "2.35"]
[White "Horvath, Peter"]
[Black "Van der Zwet, Bart"]
[Result "1/2-1/2"]
[Annotator "TA"]
[ECO "D36"]
[WhiteElo "2354"]
[BlackElo "1998"]
[PlyCount "97"]
[EventDate "2025.02.17"]
[EventType "team-tourn"]
[EventCountry "CZE"]
[SourceTitle "playchess.com"]
[Source "ChessBase"]
[SourceQuality "1"]
[TimeControl "40/5400+30:1800+30"]

1. d4 Nf6 2. c4 e6 3. Nc3 d5 4. cxd5 exd5 5. Bg5 c6 6. Qc2 Be7 7. e3 Nbd7 8. Bd3 O-O 9. Nf3 Re8 10. O-O h6 11. Bf4 Nf8 12. h3 Bd6 {[%emt 0:03:59] 12...Bd6 scores better than 12...Ne6.} 13. Ne5 Qe7 {[%emt 0:07:09] D36: Queen's Gambit Declined: Exchange Variation: Main line (5 Bg5 c6 6 Qc2).} 14. Rab1 N6d7 15. Nxd7 Nxd7 16. Bxd6 Qxd6 17. b4 Nf6 $146 (17... b5 18. e4 a6 19. e5 Qe7 20. f4 f6 21. Ne2 Bb7 22. Ng3 Nb6 23. Nf5 Qc7 24. exf6 gxf6 25. Nxh6+ Kh8 26. Qf2 {1-0 Zoltek,T (2218)-Drazek,W (2019) Polanica Zdroj op Seniors 44th 2008 (7.1)}) 18. b5 c5 19. dxc5 Qxc5 20. Ne2 Qxc2 21. Bxc2 Be6 22. Bb3 Rac8 23. Rbc1 Kf8 24. a4 Ke7 25. f3 Rxc1 26. Rxc1 Rc8 27. Rd1 Rc5 28. Kf2 a6 29. bxa6 bxa6 30. g4 Bd7 31. h4 Be6 32. Rd4 Ne8 33. Rb4 Kd6 34. Nd4 Kc7 {[%emt 0:00:28] Against Rb6} 35. Bd1 Bd7 36. Rb2 Rc4 37. Bb3 Rb4 38. Rc2+ Kd6 39. a5 (39. Rd2 {is more appropriate.}) 39... Nc7 $11 40. Rd2 Nb5 {[%emt 0:01:20] [#]} 41. Bd1 Nxd4 42. exd4 Ba4 (42... Bb5 $15) 43. Bxa4 {[%emt 0:03:38] The position is equal.} Rxa4 {[%emt 0:00:18][%mdl 4096] Endgame KR-KR} 44. Rb2 Rxa5 45. Rb7 Ke6 46. Rb6+ Kd7 47. Rb7+ Ke6 48. Rb6+ Kd7 {[%emt 0:00:03] White must now prevent ...Kc7.} 49. Rb7+ {[%emt 0:01:38] Weighted Error Value: White=0.09 (flawless) /Black=0.07 (flawless)   Mistake:       	White=1     	Black=1      Inaccurate:     	White=3     	---        OK:         	White=16    	Black=13     Best:        	---       	Black=3} 1/2-1/2

[Event "FIDE WSTC Open 50 2025"]
[Site "Prague"]
[Date "2025.02.18"]
[Round "2.36"]
[White "Mengerink, Ynze"]
[Black "Krizsany, Laszlo"]
[Result "0-1"]
[Annotator "TA"]
[ECO "B02"]
[WhiteElo "2101"]
[BlackElo "2303"]
[PlyCount "102"]
[EventDate "2025.02.17"]
[EventType "team-tourn"]
[EventCountry "CZE"]
[SourceTitle "playchess.com"]
[Source "ChessBase"]
[SourceQuality "1"]
[TimeControl "40/5400+30:1800+30"]

1. e4 Nf6 2. Nc3 d5 3. e5 Ne4 4. Nce2 d4 5. c3 Nc6 6. Nf3 Bg4 $1 {[%emt 0:03:58] The main line 6...Bg4 scores better than 6...dxc3. B02: Alekhine's Defence: Chase Variation and lines with early Nc3.} (6... dxc3 $14 7. Nxc3 Bf5) 7. Nexd4 (7. Nfxd4 $6 Nxe5 8. Qc2 Nd6 $11) 7... Nxe5 8. Qa4+ $146 (8. Qe2 Qd5 9. Nb5 O-O-O 10. c4 Qe6 11. d4 Ng6 12. d5 Qf5 13. Nbd4 Qe5 14. Nxe5 Bxe2 15. Nxg6 Bxf1 16. Nxh8 Bxc4 17. Nxf7 Rxd5 {1-0 Schmaltz,R (2529)-Gikas,A (2254) Bundesliga 0203 2002 (15.7)}) 8... Bd7 {[%emt 0:03:03] White is slightly better.} 9. Bb5 (9. Qc2 $14 Nxf3+ 10. Nxf3) 9... Nd3+ $15 10. Ke2 {[%emt 0:01:55][%csl Oc1] White has a bad bishop} Nf4+ (10... Nexf2 $6 11. Bxd7+ Qxd7 12. Qxd7+ Kxd7 13. Rf1 $14) (10... Ndxf2 $2 11. Ne5 c6 (11... Nxh1 12. Bxd7+) 12. Ndxc6 $18) (10... Nxc1+ $1 $15 11. Rhxc1 c6) 11. Kf1 $11 {[%emt 0:07:22] [#] aiming for Bxd7+.} Nd6 (11... Nd3 $5) 12. Bxd7+ Qxd7 13. Qxd7+ Kxd7 14. Ne5+ Ke8 15. d3 Ng6 16. Nc4 Nxc4 17. dxc4 e5 18. Nf5 Kd7 19. g3 Ke6 20. Ne3 Rd8 21. Ke2 f5 22. b4 Be7 23. Nd5 Rd7 (23... Bd6 $1 $15 24. Rd1 c6) 24. Nxe7 Nxe7 25. Be3 Rhd8 26. Rad1 Nc8 27. Rxd7 Rxd7 28. Rd1 Rxd1 29. Kxd1 $17 {[%emt 0:00:03][%mdl 4096] Endgame KB-KN} a6 30. Kd2 Nd6 31. Kd3 Nf7 32. c5 {[%emt 0:02:14] [#] White is on the road to losing.} (32. f4 $15) 32... c6 ({Black should play} 32... e4+ $1 $17 33. Ke2 Kd5) 33. c4 (33. f3 $15) 33... g5 34. f3 h5 35. h4 $2 (35. f4 $17) 35... gxh4 $19 36. gxh4 f4 (36... Nh8 37. Bd2 $17) 37. Bf2 Nh6 ({Weaker is} 37... Kf5 38. Be1 $17) 38. Be1 Nf5 39. Bf2 Kf6 40. Be1 Ke6 41. Bf2 $1 Ne7 42. Ke4 Ng8 43. Be1 Nf6+ 44. Kd3 Kf5 45. Bc3 e4+ 46. fxe4+ $2 (46. Ke2 Ng8 47. fxe4+ Kxe4 48. a4) 46... Nxe4 {[%emt 0:00:00] Black is clearly winning.} 47. Bd4 Ng3 48. Bc3 Kg4 49. Bf6 Kf3 {[%emt 0:00:00] and ...Kg2 should not be overlooked} 50. Bg5 Nf5 51. Bf6 Kg2 {[%emt 0:00:00] Weighted Error Value: White=0.69/Black=0.28 (precise)   Loses game:     	White=1     	---        Mistake:       	White=4     	Black=3      Inaccurate:     	White=8     	Black=1      OK:         	White=6     	Black=14     Best:        	White=2     	Black=7      Strong:       	White=1     	---} 0-1

[Event "FIDE WSTC Open 50 2025"]
[Site "Prague"]
[Date "2025.02.18"]
[Round "2.37"]
[White "Olivier, Pierre"]
[Black "Svensson, Bengt"]
[Result "1/2-1/2"]
[Annotator "TA"]
[ECO "D26"]
[WhiteElo "2152"]
[BlackElo "2297"]
[PlyCount "47"]
[EventDate "2025.02.17"]
[EventType "team-tourn"]
[EventCountry "CZE"]
[SourceTitle "playchess.com"]
[Source "ChessBase"]
[SourceQuality "1"]
[TimeControl "40/5400+30:1800+30"]

1. d4 d5 2. c4 dxc4 3. Nf3 Nf6 4. e3 e6 5. Bxc4 a6 6. O-O c5 7. Be2 {[%emt 0:03:25] D27: Queen's Gambit Accepted: Classical main line: 7 e4!? and 7 a4.} Nc6 8. Ne5 cxd4 9. Nxc6 {[%emt 0:00:09] The position is equal.} bxc6 10. exd4 Be7 11. Qa4 $146 (11. Bf4 O-O 12. Nc3 Nd5 13. Be5 Nxc3 14. bxc3 Bd6 15. Bf3 Bxe5 16. dxe5 Qa5 17. Qd6 {½-½ Berkes,F (2618)-Varga,Z (2376) Balatonlelle Rigo Memorial op 2023 (6)}) 11... Bd7 12. Qc2 Qb6 13. Nd2 Qxd4 14. Nb3 Qe4 15. Qxe4 Nxe4 16. Be3 Nf6 17. Nc5 a5 18. Nxd7 Kxd7 19. Bd4 Rhg8 20. Bxf6 Bxf6 21. Rfd1+ Ke7 22. Rac1 Rgd8 23. b3 Rxd1+ 24. Rxd1 {[%emt 0:00:58] Weighted Error Value: White=0.12 (very precise) /Black=0.06 (flawless)   Inaccurate:     	White=2     	---        OK:         	White=5     	Black=5} 1/2-1/2